 Dungeon Crawl Stone Soup version 0.25.0-10-g039870ee82 (webtiles) character file.

Game seed: 12584113730232884967

14605 Dirian the Fencer (level 11, -5/101 HPs)
             Began as a Minotaur Fighter on June 23, 2020.
             Was an Initiate of Gozag.
             Killed from afar by Jorgrun (35 damage)
             ... with an iron shot
             ... on level 12 of the Dungeon.
             The game lasted 00:24:07 (12168 turns).

Dirian the Fencer (Minotaur Fighter)               Turns: 12168, Time: 00:24:08

Health: -5/101     AC: 12    Str: 23    XL:     11   Next: 90%
Magic:  15/15      EV:  7    Int:  5    God:    Gozag
Gold:   1943       SH: 12    Dex: 11    Spells: 10/10 levels left

rFire    . . .     SeeInvis +   G - +4 scimitar (flame)
rCold    . . .     Gourm    .   c - +1 kite shield
rNeg     . . .     Faith    .   B - +0 chain mail
rPois    .         Spirit   .   (helmet restricted)
rElec    .         Reflect  .   I - +0 cloak
rCorr    .         Harm     .   (no gloves)
MR       .....                  (no boots)
Stlth    ..........             f - amulet of the acrobat
HPRegen  0.26/turn              l - +4 ring of slaying
MPRegen  0.14/turn              p - ring of see invisible

@: gold aura
A: retaliatory headbutt, horns 2
a: Potion Petition, Call Merchant, Bribe Branch, Renounce Religion


You were on level 12 of the Dungeon.
You worshipped Gozag.
Gozag was most pleased with you.
You were not hungry.

You visited 1 branch of the dungeon, and saw 14 of its levels.

You collected 2588 gold pieces.
You spent 645 gold pieces at shops.

Inventory:

Hand Weapons
 F - a +6 scimitar
 G - a +4 scimitar of flaming (weapon)
Armour
 b - a +0 plate armour
 c - a +1 kite shield (worn)
 y - a +2 tower shield
 B - a +0 chain mail (worn)
 I - a +0 cloak (worn)
Jewellery
 f - an amulet of the acrobat (around neck)
 g - an uncursed ring of protection from cold
 h - an uncursed ring of protection from cold
 l - a +4 ring of slaying (left hand)
 p - a ring of see invisible (right hand)
 S - a cursed -4 ring of intelligence {unknown}
Wands
 k - a wand of polymorph (9)
 u - a wand of clouds (2)
 v - a wand of digging (6)
 C - a wand of disintegration (60)
 E - a wand of acid (14)
 H - a wand of enslavement (9)
 M - a wand of paralysis (7)
Scrolls
 j - 2 scrolls of enchant armour
 m - 3 scrolls of fog
 r - a scroll of identify
 t - 3 scrolls of teleportation
 x - 4 scrolls of remove curse
 z - a scroll of blinking
 D - 3 scrolls of immolation
 J - a scroll of magic mapping
 N - a scroll of summoning
 P - a scroll of torment {unknown}
 Q - a scroll of enchant weapon
Potions
 a - a potion of cancellation
 d - a potion of might
 i - 5 potions of lignification
 n - a potion of resistance
 o - 4 potions of berserk rage
 q - 2 potions of curing
 s - 2 potions of haste
 w - 6 potions of heal wounds
 A - a potion of ambrosia
 K - a potion of mutation {unknown}
 L - 3 potions of magic {unknown}
 O - a potion of brilliance {unknown}
 R - a potion of flight
Comestibles
 e - 8 rations


   Skills:
 + Level 10.6 Fighting
 + Level 15.5 Long Blades
 - Level 8.0 Armour
 - Level 8.0 Shields
 * Level 6.6 Evocations


You had 10 spell levels left.
You didn't know any spells.
Your spell library contained the following spells:

 Spells                   Type           Power        Failure   Level  Hunger
 Foxfire                  Conj/Fire      #...         100%        1    ##.....
 Freeze                   Ice            #...         100%        1    ##.....
 Magic Dart               Conj           #...         100%        1    ##.....
 Blink                    Tloc           N/A          100%        2    ###....
 Call Imp                 Summ           #.......     100%        2    ###....
 Slow                     Hex            #.......     100%        2    ###....
 Conjure Flame            Conj/Fire      #.......     100%        3    ####...
 Frozen Ramparts          Ice            #.....       100%        3    ####...
 Inner Flame              Hex/Fire       #.......     100%        3    ####...
 Mephitic Cloud           Conj/Pois/Air  #.......     100%        3    ####...
 Ozocubu's Armour         Chrm/Ice       #.......     100%        3    ####...
 Hailstorm                Conj/Ice       #.......     100%        4    #####..
 Sticky Flame             Conj/Fire      #.......     100%        4    #####..
 Summon Ice Beast         Ice/Summ       #.......     100%        4    #####..
 Fireball                 Conj/Fire      #.........   100%        5    ######.
 Irradiate                Conj/Tmut      #.........   100%        5    ######.
 Hydra Form               Tmut           #.........   100%        6    #######
 Statue Form              Tmut/Erth      #........    100%        6    #######
 Dragon Form              Tmut           #.........   100%        7    #######


Dungeon Overview and Level Annotations

Branches:
Dungeon (14/15)            Temple (0/1) D:7            Lair (0/6) D:9
    Orc (0/2) D:10
 Vaults: D:13-14

Altars:
Ashenzari
Fedhas
Gozag
Kikubaaqudgha
Makhleb
Wu Jian
Xom
Beogh

Shops:
D:5 !   D:6 *   D:10 }

Annotations:
D:7 3 runed translucent doors, mopl's ghost, novice OpEn
D:12 Jorgrun


Innate Abilities, Weirdness & Mutations

You reflexively headbutt those who attack you in melee.
You have a pair of horns on your head.


Message History

Jorgrun is engulfed in poison gas.
Jorgrun looks even sicker.
Jorgrun is engulfed in poison gas.
Jorgrun looks even sicker.
You closely miss Jorgrun. You headbutt Jorgrun.
Jorgrun is lightly wounded.
Jorgrun is engulfed in poison gas.
Jorgrun looks as sick as possible!
Jorgrun hits you but does no damage.
You slash Jorgrun! You burn Jorgrun.
Jorgrun is moderately wounded.
You slash Jorgrun! You burn Jorgrun. Your headbutt misses Jorgrun.
Jorgrun is heavily wounded.
Jorgrun is engulfed in poison gas.
Jorgrun looks as sick as possible!
Jorgrun hits you with a +0 vorpal quarterstaff!
* * * LOW HITPOINT WARNING * * *
x2 You slice Jorgrun!!
You burn Jorgrun!
Jorgrun is almost dead.
Jorgrun looks as sick as possible!
Jorgrun points at you and mumbles some strange words.
The iron shot hits you!!
You die...
Your body crumbles into a pile of gold.

##...........##
....^(.......#
.....#######.# ...(.# #.#
..... ...(.# #.# ...h.
...(.# #.# ....# .....#
#.# ..§§#
..)..#######.######§§§.#
................@g§§§..#
#######..........§§....#+
###................
########....##### ######


You could see Jorgrun (extremely poisoned).

Vanquished Creatures
  Josephine (D:12)
  Erica (D:8)
  A centaur warrior (D:13)
  2 two-headed ogres
  An unseen horror (D:11)
  A manticore (D:13)
  A komodo dragon (D:11)
  An efreet (D:13)
  A yaktaur (D:11)
  2 trolls
  Prince Ribbit (D:8)
  2 slime creatures (D:11)
  3 hippogriffs
  A yak (shapeshifter) (D:13)
  A wyvern (D:9)
  Sigmund (D:3)
  A spriggan (D:8)
  5 wraiths (D:12)
  Grum (D:8)
  4 sky beasts
  6 orc warriors
  2 black bears
  3 phantoms
  12 ogres
  4 wolves (D:8)
  6 centaurs
  2 big kobolds
  A wyvern zombie (D:11)
  7 bullfrogs
  A water moccasin zombie (D:8)
  21 wights
  A scorpion (D:4)
  4 killer bees (D:7)
  3 vampire bats (D:8)
  A howler monkey (D:7)
  5 crimson imps
  2 centaur zombies
  2 jellies (D:5)
  12 orc priests
  A hound (D:8)
  8 orc wizards
  Jessica (D:3)
  A centaur skeleton (D:7)
  Terence (D:2)
  3 iguanas
  9 worker ants
  A killer bee zombie (D:5)
  A hound zombie (D:8)
  A hound skeleton (D:8)
  A worker ant zombie (D:7)
  4 gnolls (D:8)
  A howler monkey skeleton (D:5)
  9 adders
  A shadow imp (D:8)
  An adder skeleton (D:5)
  An adder zombie (D:5)
  4 worms
  A dart slug (D:3)
  5 leopard geckos
  44 orcs
  2 bat skeletons (D:8)
  2 bat zombies (D:8)
  8 giant cockroaches
  5 goblins
  8 hobgoblins
  12 jackals
  7 kobolds
  6 quokkas
  3 ball pythons
  4 bats
  5 frilled lizards
  A giant cockroach zombie (D:6)
  A leopard gecko skeleton (D:7)
  6 rats
296 creatures vanquished.

Notes
Turn   | Place    | Note
-------+----------+-------------------------------------------
     0 | D:1      | Dirian the Minotaur Fighter began the quest for the Orb.
     0 | D:1      | Reached XP level 1. HP: 19/19 MP: 0/0
   238 | D:1      | Reached XP level 2. HP: 24/27 MP: 1/1
   565 | D:2      | Reached skill level 3 in Long Blades
   730 | D:2      | Reached XP level 3. HP: 33/33 MP: 2/2
   744 | D:2      | Found a faded altar of an unknown god.
  1037 | D:2      | Found a shimmering altar of Xom.
  1037 | D:2      | Found a burning altar of Makhleb.
  1042 | D:2      | Found a shattered altar of Ashenzari.
  1044 | D:2      | Found an ornate altar of the Wu Jian Council.
  1046 | D:2      | Found a faded altar of an unknown god.
  1127 | D:2      | Noticed a phantom
  1164 | D:2      | Killed a phantom
  1164 | D:2      | Reached skill level 4 in Long Blades
  1164 | D:2      | Reached XP level 4. HP: 39/40 MP: 3/3
  1363 | D:2      | Noticed Terence
  1369 | D:2      | Killed Terence
  1369 | D:2      | Reached XP level 5. HP: 47/47 MP: 4/4
  1421 | D:3      | Reached skill level 5 in Long Blades
  1844 | D:3      | Noticed Sigmund
  1873 | D:3      | Killed Sigmund
  1873 | D:3      | Reached skill level 6 in Long Blades
  1873 | D:3      | Reached XP level 6. HP: 8/53 MP: 5/5
  2401 | D:3      | Reached skill level 5 in Armour
  2588 | D:3      | Noticed Jessica
  2589 | D:3      | Killed Jessica
  2722 | D:2      | Became a worshipper of Gozag Ym Sagoz the Greedy
  2961 | D:4      | Found a blossoming altar of Fedhas.
  2973 | D:4      | Reached skill level 7 in Long Blades
  2973 | D:4      | Reached XP level 7. HP: 37/60 MP: 6/6
  3279 | D:4      | Reached skill level 5 in Fighting
  3279 | D:4      | Reached skill level 8 in Long Blades
  3279 | D:4      | Reached skill level 5 in Shields
  3624 | D:5      | Entered Level 5 of the Dungeon
  3745 | D:5      | Found Coso's Distillery.
  3848 | D:5      | Bought a potion of curing for 36 gold pieces
  3848 | D:5      | Bought a potion of haste for 120 gold pieces
  3848 | D:5      | Bought a potion of heal wounds for 60 gold pieces
  3848 | D:5      | Bought a potion of heal wounds for 60 gold pieces
  3848 | D:5      | Bought a potion of invisibility for 96 gold pieces
  3904 | D:5      | Reached XP level 8. HP: 68/68 MP: 7/7
  4137 | D:6      | Found Ireseaho's General Store.
  4174 | D:6      | Reached skill level 1 in Evocations
  4442 | D:6      | Bought a ration for 55 gold pieces
  4442 | D:6      | Bought a ration for 55 gold pieces
  4442 | D:6      | Bought a potion of heal wounds for 55 gold pieces
  4664 | D:6      | Reached skill level 9 in Long Blades
  4960 | D:6      | Noticed a hippogriff
  4971 | D:6      | Killed a hippogriff
  5541 | D:7      | Reached skill level 10 in Long Blades
  5920 | D:7      | Reached XP level 9. HP: 69/74 MP: 9/9
  6203 | D:7      | Found a staircase to the Ecumenical Temple.
  6247 | D:7      | HP: 3/75 [poisoned by an orc warrior]
  6252 | D:7      | HP: 2/75 [poisoned by an orc warrior]
  6259 | D:7      | HP: 2/75 [poisoned by an orc warrior]
  6267 | D:7      | HP: 1/75 [poisoned by an orc warrior]
  6905 | D:7      | Found a runed translucent gate.
  6905 | D:7      | Found a runed translucent gate.
  6906 | D:7      | Found a runed translucent gate.
  6908 | D:7      | Noticed mopl's ghost (novice OpEn)
  6924 | D:7      | Reached skill level 11 in Long Blades
  7468 | D:8      | Noticed Grum
  7482 | D:8      | Killed Grum
  7489 | D:8      | Reached skill level 12 in Long Blades
  7787 | D:8      | Noticed Erica
  7794 | D:8      | Killed Erica
  7794 | D:8      | Reached XP level 10. HP: 67/84 MP: 11/11
  8003 | D:8      | Noticed Prince Ribbit
  8006 | D:8      | Killed Prince Ribbit
  8050 | D:8      | Found an ancient bone altar of Kikubaaqudgha.
  8159 | D:8      | Reached skill level 13 in Long Blades
  8648 | D:9      | Found a staircase to the Lair.
  8719 | D:9      | Noticed a two-headed ogre
  8725 | D:9      | Killed a two-headed ogre
  8932 | D:10     | Entered Level 10 of the Dungeon
  8947 | D:10     | Reached skill level 14 in Long Blades
  9573 | D:10     | Reached skill level 5 in Evocations
  9688 | D:10     | Found a staircase to the Orcish Mines.
  9709 | D:10     | Found a roughly hewn altar of Beogh.
  9968 | D:10     | Reached XP level 11. HP: 94/94 MP: 13/13
  9995 | D:10     | Found Jeleum's Gadget Boutique.
 10003 | D:10     | Bought a wand of paralysis (7) for 108 gold pieces
 10560 | D:11     | Noticed a swamp dragon
 10560 | D:11     | a komodo dragon changed into a swamp dragon
 10827 | D:11     | Noticed an unseen horror
 10833 | D:11     | Killed an unseen horror
 10996 | D:11     | Noticed a six-headed hydra
 10999 | D:11     | You fall into a shaft and drop 3 floors!
 11000 | D:14     | Noticed a centaur warrior
 11057 | D:13     | Noticed a centaur warrior
 11066 | D:13     | Killed a centaur warrior
 11351 | D:13     | Reached skill level 15 in Long Blades
 11857 | D:13     | Noticed a two-headed ogre
 11863 | D:13     | Killed a two-headed ogre
 11863 | D:13     | Reached skill level 10 in Fighting
 12001 | D:12     | Noticed Josephine
 12008 | D:12     | Killed Josephine
 12160 | D:12     | Noticed Jorgrun
 12168 | D:12     | Killed from afar by Jorgrun

Illustrated notes

Levels and vault maps discovered:
D:1:      minmay_arrival_semitransparent, layout_basic
D:2:      layout_loops_ring, chequers_temple_overflow_minitemple,
          chequers_ecumenical_altar_simple, uniq_terence
D:3:      layout_basic, chequers_garden, uniq_jessica, uniq_sigmund
D:4:      layout_cave_pools, fedhas_altar_3, first_ration
D:5:      layout_rooms, serial_shops, shop
D:6:      layout_layer_cave, serial_shops, shop
D:7:      layout_basic, temple_pool_b, gammafunk_ghost_necromancy
D:8:      layout_basic, kennysheep_vampire_church, the_bakery, uniq_grum,
          uniq_erica, uniq_prince_ribbit1
D:9:      layout_basic, lair_entry_dummy
D:10:     layout_cave_pods, minmay_orc_entry_temple_small, serial_shops,
          shop_statue
D:11:     layout_small_grid, minmay_fractal_squares_gapless_7
D:12:     layout_irregular_city, ebering_ghost_disaster_area, sword_in_stone,
          uniq_jorgrun, uniq_josephine
D:13:     layout_loops_cross, kennysheep_big_empty_room
D:14:     layout_long_grid, erik_vaults_2, enter_bailey_2,
          grunt_decor_one_mirror

Skill      XL: |  1  2  3  4  5  6  7  8  9 10 11 |
---------------+----------------------------------+-----
Long Blades    | 3 4 6 7 8 10 12 14 15 | 15.5
Armour         | 4 5 6 7 8 |  8.0
Shields        | 4 5 6 7 8 |  8.0
Fighting       | 4 5 6 7 10 | 10.6
Evocations     | 2 3 5 6 |  6.6

Action                   |  1- 3 |  4- 6 |  7- 9 | 10-12 || total
-------------------------+-------+-------+-------+-------++-------
Melee: Long sword        |    92 |    99 |   172 |       ||   363
       Headbutt          |    14 |    20 |    54 |    58 ||   146
       Scimitar          |       |       |   147 |   285 ||   432
Invok: Potion Petition   |       |     1 |       |       ||     1
Evoke: Wand              |       |       |     1 |     2 ||     3
  Use: Potion            |       |     1 |     4 |       ||     5
       Scroll            |       |     8 |     7 |     8 ||    23
 Stab: Invisible         |       |       |     3 |       ||     3
       Distracted        |       |       |       |     6 ||     6
  Eat: Chunk             |     1 |     5 |       |       ||     6
       Ration            |       |       |     5 |     4 ||     9
Armor: Scale mail        |    24 |    25 |       |       ||    49
       Chain mail        |       |     6 |    77 |    69 ||   152
Dodge: Dodged            |    40 |    31 |    60 |    68 ||   199
Block: Kite shield       |    49 |    36 |   140 |   128 ||   353
       Rpst.: Long sword |    10 |     8 |    11 |       ||    29
       Scimitar          |       |       |     5 |    17 ||    22
